 Dungeon Crawl Stone Soup version 0.22.0-38-g04b72b8 (webtiles) character file.

32904 harcile the Severer (level 13, 0/119 HPs)
             Began as a Hill Orc Berserker on Aug 27, 2018.
             Was the Champion of Trog.
             Slain by a sixfirhy (11 damage)
             ... summoned by an orc high priest
             ... on level 2 of the Orcish Mines.
             The game lasted 00:50:29 (13869 turns).

harcile the Severer (Hill Orc Berserker)           Turns: 13869, Time: 00:50:29

Health: 0/119      AC: 29    Str: 30    XL:     13   Next: 67%
Magic:  4/4        EV: 11    Int:  7    God:    Trog [******]
Gold:   1401       SH:  4    Dex: 10    Spells: 12/12 levels left

rFire    + + .     SeeInvis .   w - +4 executioner's axe (antimagic)
rCold    + . .     Gourm    .   (shield currently unavailable)
rNeg     . . .     Faith    .   A - +2 plate armour {rF+}
rPois    .         Spirit   .   s - +0 helmet
rElec    .         Reflect  +   C - scarf {rC+ rF+}
rCorr    .         Harm     .   d - +1 pair of gloves
MR       .....                  E - +0 pair of boots
Stlth    ..........             J - +4 amulet of reflection
HPRegen  0.29/turn              i - +4 ring of protection
MPRegen  0.09/turn              z - +5 ring of strength

@: no status effects
A: iridescent scales 1, thin metallic scales 1, high mp 1, sturdy frame 1
a: Berserk, Trog's Hand, Brothers in Arms, Renounce Religion, Convert to Beogh


You were on level 2 of the Orcish Mines.
You worshipped Trog.
Trog was exalted by your worship.
You were not hungry.

You visited 3 branches of the dungeon, and saw 15 of its levels.

You collected 1401 gold pieces.

Inventory:

Hand Weapons
 a - a +1 war axe of venom
 b - a +2 war axe of chopping
 k - a +1 vampiric hand axe
 w - a +4 antimagic executioner's axe (weapon)
 x - the +10 falchion "Qovumiq" {slice, +Fly rF+ rC- Int+4}
   (You found it on level 4 of the Dungeon)

   It inflicts extra damage upon your enemies.
   It affects your intelligence (+4).
   It protects you from fire.
   It makes you vulnerable to cold.
   It lets you fly.
 L - a +1 battleaxe
 N - a +1 scimitar of flaming
 O - a +5 antimagic battleaxe
 S - a +3 battleaxe
 X - a +1 broad axe of distortion
Missiles
 U - 5 tomahawks of dispersal (quivered)
Armour
 d - a +1 pair of gloves (worn)
 s - a +0 helmet (worn)
 u - a +0 shield
 y - a +1 chain mail of cold resistance
 A - a +2 plate armour of fire resistance (worn)
 C - a scarf of resistance (worn)
 D - a +0 leather armour of poison resistance
 E - a +0 pair of boots (worn)
 F - a +0 buckler
 H - a +2 leather armour of positive energy
 M - a +4 plate armour
 T - +0 acid dragon scales
Jewellery
 i - a +4 ring of protection (left hand)
 z - a +5 ring of strength (right hand)
 B - a +5 ring of dexterity
 J - a +4 amulet of reflection (around neck)
Wands
 o - a wand of flame (35)
 K - a wand of iceblast (14)
Scrolls
 e - 2 scrolls of enchant armour
 f - 5 scrolls of teleportation
 h - 4 scrolls of blinking
 r - 6 scrolls of remove curse
 t - 4 scrolls of magic mapping
 I - 2 scrolls of enchant weapon
 W - a scroll of silence
Potions
 g - a potion of agility
 j - a potion of heal wounds
 l - 12 potions of curing
 n - a potion of might
 p - 6 potions of haste
 q - 2 potions of berserk rage
 v - 2 potions of brilliance
 G - 2 potions of lignification
 P - a potion of magic
 R - 2 potions of flight {unknown}
Comestibles
 c - 22 rations
 m - 2 chunks of flesh


   Skills:
 + Level 12.5 Fighting
 + Level 20.1 Axes
 + Level 8.5 Armour
 + Level 5.9 Dodging
 + Level 4.0 Stealth
 + Level 5.0 Shields


You had 12 spell levels left.
You didn't know any spells.
Your spell library was empty.

Dungeon Overview and Level Annotations

Branches:
Dungeon (12/15)            Temple (0/1) D:5            Lair (1/6) D:8
    Orc (2/2) D:11            Elf (0/3) Orc:2

Altars:
Ashenzari
Gozag
Kikubaaqudgha
Nemelex Xobeh
Trog
Uskayaw
The Shining One
Beogh

Shops:
D:4 (   D:6 :

Annotations:
Lair:1 exclusion: oklob plant


Innate Abilities, Weirdness & Mutations

You are partially covered in iridescent scales. (AC +2)
You are partially covered in thin metallic scales. (AC +2)
You have an increased reservoir of magic. (+10% MP)
Your movements are slightly less encumbered by armour. (ER -2)


Message History

The orc warrior shouts!
The orc high priest shouts!
You hear a shout!
You see here a leather armour.
You slice the orc warrior!!
You kill the orc warrior!
Trog accepts your kill.
An orc priest comes into view. It is wielding a hand axe.
The orc priest shouts!
The orc high priest utters an invocation to Beogh.
The orc priest shouts, "Surrender to Beogh and we'll let you live!"
Items here: ))) [[[ † The sixfirhy hits you but does no damage.
The sixfirhy hits you!
* * * LOW HITPOINT WARNING * * *
The sixfirhy shocks you!
* * * LOW HITPOINT WARNING * * *
The orc priest casts a cantrip, but nothing happens.
The sixfirhy hits you.
* * * LOW HITPOINT WARNING * * *
The sixfirhy shocks you!
You die...

..............#####
#............(###
..).............# #######
[.).(...........# ###.....###
.))..........)..####.........###
...........)))))##..........(..##
........[....))[#...........(...#
.......)[[....))#.#.#.#.#.#.#o#o#
....)..[.).)....@3...........o)oo
.......[)[[......o............)o#
....#...)[...[..................o
................#.#o#.#.#.#.#.#.#
................#...............#
................##...o.........##
...............## ##.........###
................# #.....###
...............##


You could see an orc high priest, a sixfirhy and 2 orc priests.

Vanquished Creatures
  Gastronok (Lair:1)
  Azrael (Orc:2)
  An ettin (Orc:2)
  Erolcha (Orc:2)
  Harold (D:7)
  Erica (D:9)
  3 two-headed ogres
  2 orc high priests (Orc:2)
  Sonja (D:11)
  5 orc knights (Orc:2)
  A cyclops (D:11)
  An orc sorcerer (Orc:2)
  An ugly thing (D:12)
  A slime creature (D:12)
  A black mamba (Lair:1)
  Maurice (D:9)
  A gargoyle (D:12)
  A tengu conjurer (D:9)
  3 trolls
  A hippogriff (D:12)
  Sigmund (D:4)
  18 yaks
  4 hogs (D:7)
  A hungry ghost (D:10)
  A human (D:7)
  2 wraiths
  Grum (D:9)
  3 fire elementals (Orc:2)
  Menkaure (D:4)
  A warg (Orc:2)
  2 acid dragons
  3 water moccasins
  2 ice beasts
  4 hell hounds (Orc:2)
  6 sky beasts
  An eye of draining (D:8)
  43 orc warriors
  3 necrophages
  5 wolves
  6 ogres
  5 centaurs
  3 phantoms
  The ghost of adept the Firebug, an amateur GnFE (D:3)
  A crocodile (Lair:1)
  A big kobold (D:10)
  3 gnoll sergeants
  6 bullfrogs
  A wyvern skeleton (D:12)
  4 scorpions
  17 killer bees
  14 wights
  2 howler monkeys
  7 crimson imps
  A quasit (D:11)
  24 orc priests
  A bullfrog zombie (D:12)
  A jelly (D:8)
  2 bullfrog skeletons (D:12)
  5 hounds
  5 centaur skeletons
  3 iguanas
  25 orc wizards
  11 worker ants
  A worker ant zombie (D:10)
  Robin (D:4)
  24 gnolls
  17 adders
  2 howler monkey skeletons
  2 shadow imps (D:5)
  3 adder skeletons
  2 worms (D:3)
  2 dart slugs
  5 leopard geckos
  113 orcs
  5 giant cockroaches
  7 hobgoblins
  8 jackals
  A quokka (D:2)
  2 ball pythons
  7 bats
  5 frilled lizards
  13 goblins
  10 kobolds
  2 quokka skeletons
  10 rats
522 creatures vanquished.

Vanquished Creatures (collateral kills)
  A slime creature (D:12)
1 creature vanquished.

Vanquished Creatures (others)
  An orc (Orc:2)
  A fungus (Lair:1)
2 creatures vanquished.

Grand Total: 525 creatures vanquished

Notes
Turn   | Place    | Note
-------+----------+-------------------------------------------
     0 | D:1      | harcile the Hill Orc Berserker began the quest for the Orb.
     0 | D:1      | Reached XP level 1. HP: 19/19 MP: 1/1
   338 | D:1      | Reached XP level 2. HP: 26/27 MP: 2/2
   637 | D:2      | Reached XP level 3. HP: 33/33 MP: 3/3
   705 | D:2      | Reached ** piety under Trog
   926 | D:2      | Reached skill level 5 in Axes
  1064 | D:2      | Reached XP level 4. HP: 40/40 MP: 4/4
  1424 | D:3      | Reached skill level 6 in Axes
  1424 | D:3      | Reached XP level 5. HP: 47/47 MP: 5/5
  1574 | D:3      | Reached *** piety under Trog
  1766 | D:3      | Reached skill level 1 in Stealth
  1766 | D:3      | Reached XP level 6. HP: 43/53 MP: 6/6
  1792 | D:3      | Found a large runed door.
  1792 | D:3      | Found a large runed door.
  1856 | D:3      | Reached skill level 7 in Axes
  2349 | D:3      | Noticed adept's ghost (amateur GnFE)
  2357 | D:3      | Killed adept's ghost
  2440 | D:4      | Found Caquiclo's Weapon Shop.
  2464 | D:4      | Reached skill level 5 in Fighting
  2464 | D:4      | Reached XP level 7. HP: 61/61 MP: 7/7
  2541 | D:4      | Received a gift from Trog
  2541 | D:4      | Reached skill level 8 in Axes
  2574 | D:4      | Found an opulent altar of Gozag.
  2583 | D:4      | Noticed Sigmund
  2595 | D:4      | Killed Sigmund
  2641 | D:4      | Got a fine falchion
  2760 | D:4      | Reached skill level 9 in Axes
  2769 | D:4      | Reached **** piety under Trog
  2809 | D:4      | Noticed Robin
  2820 | D:4      | Killed Robin
  3241 | D:4      | Noticed Menkaure
  3248 | D:4      | Killed Menkaure
  3248 | D:4      | Reached XP level 8. HP: 43/69 MP: 8/8
  3296 | D:5      | Entered Level 5 of the Dungeon
  3314 | D:5      | Found a sparkling altar of Nemelex Xobeh.
  3467 | D:5      | Reached skill level 10 in Axes
  3636 | D:5      | Found a staircase to the Ecumenical Temple.
  3753 | D:5      | Reached skill level 11 in Axes
  4004 | D:5      | Reached XP level 9. HP: 78/78 MP: 9/9
  4590 | D:6      | Found Axerr's Book Emporium.
  4597 | D:6      | Reached skill level 12 in Axes
  4718 | D:6      | Reached skill level 5 in Armour
  5290 | D:7      | Noticed Harold
  5296 | D:7      | Reached ***** piety under Trog
  5301 | D:7      | Killed Harold
  5301 | D:7      | Reached skill level 13 in Axes
  5301 | D:7      | Reached XP level 10. HP: 84/88 MP: 10/10
  5308 | D:7      | Identified the +10 falchion "Qovumiq" {slice, +Fly rF+ rC- Int+4} (You found it on level 4 of the Dungeon)
  5500 | D:7      | Reached skill level 14 in Axes
  6061 | D:8      | Found a glowing golden altar of the Shining One.
  6076 | D:8      | Found a staircase to the Lair.
  6543 | D:8      | Found a bloodstained altar of Trog.
  6543 | D:8      | Found a sparkling altar of Nemelex Xobeh.
  6809 | D:9      | Noticed Maurice
  6817 | D:9      | Killed Maurice
  6844 | D:9      | Reached skill level 15 in Axes
  6853 | D:9      | Noticed Grum
  6863 | D:9      | Killed Grum
  6864 | D:9      | Found a hide-covered altar of Uskayaw.
  6938 | D:9      | Reached skill level 1 in Shields
  6999 | D:9      | Reached XP level 11. HP: 92/97 MP: 11/11
  7016 | D:9      | Noticed Erica
  7034 | D:9      | Killed Erica
  7412 | D:9      | Noticed a two-headed ogre
  7419 | D:9      | Killed a two-headed ogre
  7419 | D:9      | Reached skill level 16 in Axes
  7649 | D:10     | Entered Level 10 of the Dungeon
  7841 | D:10     | Reached skill level 10 in Fighting
  8119 | D:10     | Reached ****** piety under Trog
  8301 | D:10     | Found an ancient bone altar of Kikubaaqudgha.
  8495 | Lair:1   | Entered Level 1 of the Lair of Beasts
  8510 | Lair:1   | Reached skill level 5 in Dodging
  8511 | Lair:1   | Noticed an oklob plant
  8675 | Lair:1   | Noticed Gastronok
  9010 | Lair:1   | Killed Gastronok
  9010 | Lair:1   | Reached skill level 17 in Axes
  9010 | Lair:1   | Reached XP level 12. HP: 108/108 MP: 12/12
  9060 | Lair:1   | Noticed an eight-headed hydra
  9061 | Lair:1   | Noticed a five-headed hydra
  9202 | D:11     | Noticed a two-headed ogre
  9212 | D:11     | Killed a two-headed ogre
  9259 | D:11     | Received a gift from Trog
  9313 | D:11     | Found a shattered altar of Ashenzari.
  9603 | D:11     | Noticed Sonja
  9750 | D:11     | Noticed a two-headed ogre
  9795 | D:11     | Found a roughly hewn altar of Beogh.
  9798 | D:11     | Found a staircase to the Orcish Mines.
  9926 | D:11     | Killed a two-headed ogre
  9926 | D:11     | Reached skill level 18 in Axes
 11475 | D:11     | Killed Sonja
 11526 | Orc:1    | Entered Level 1 of the Orcish Mines
 11542 | Orc:1    | Received a gift from Trog
 12102 | Orc:2    | Entered Level 2 of the Orcish Mines
 12120 | Orc:2    | Reached XP level 13. HP: 105/117 MP: 4/13
 12514 | Orc:2    | Noticed an ettin
 12524 | Orc:2    | Killed an ettin
 12524 | Orc:2    | Reached skill level 19 in Axes
 12555 | Orc:2    | Found a staircase to the Elven Halls.
 12797 | Orc:2    | Noticed Erolcha
 12806 | Orc:2    | Killed Erolcha
 12831 | Orc:2    | Noticed Azrael
 12845 | Orc:2    | Killed Azrael
 12873 | Orc:2    | HP: 5/118 [orc warrior/long sword (5)]
 12947 | Orc:2    | Gained mutation: You are weak. (Str -2) [potion of mutation]
 12947 | Orc:2    | Gained mutation: You are partially covered in thin metallic scales. (AC +2) [potion of mutation]
 12947 | Orc:2    | Gained mutation: Your body sometimes deteriorates upon taking damage. [potion of mutation]
 12947 | Orc:2    | Gained mutation: You have an increased reservoir of magic. (+10% MP) [potion of mutation]
 12948 | Orc:2    | Lost mutation: Your body sometimes deteriorates upon taking damage. [potion of mutation]
 12948 | Orc:2    | Lost mutation: You are weak. (Str -2) [potion of mutation]
 12948 | Orc:2    | Gained mutation: You are partially covered in iridescent scales. (AC +2) [potion of mutation]
 12948 | Orc:2    | Gained mutation: Your movements are slightly less encumbered by armour. (ER -2) [potion of mutation]
 13242 | Orc:2    | Received a gift from Trog
 13245 | Orc:2    | Reached skill level 5 in Shields
 13253 | Orc:2    | HP: 1/119 [orc warrior/hand axe (6)]
 13752 | Orc:2    | Reached skill level 20 in Axes
 13769 | Orc:2    | HP: 4/119 [orc warrior/hand axe (15)]
 13869 | Orc:2    | Slain by a sixfirhy

Skill      XL: |  1  2  3  4  5  6  7  8  9 10 11 12 13 |
---------------+----------------------------------------+-----
Fighting       | 4 5 6 8 9 10 11 12 | 12.5
Axes           | 5 6 7 9 11 13 15 17 18 20 | 20.1
Dodging        | 2 3 4 5 |  5.9
Stealth        | 1 2 3 4 |  4.0
Armour         | 3 4 6 7 8 |  8.5
Shields        | 1 4 5 |  5.0

Action                   |  1- 3 |  4- 6 |  7- 9 | 10-12 | 13-15 || total
-------------------------+-------+-------+-------+-------+-------++-------
Melee: Hand axe          |    76 |    65 |       |       |       ||   141
       War axe           |       |    82 |   232 |   268 |       ||   582
       Battleaxe         |       |       |       |   276 |       ||   276
       Executioner's axe |       |       |       |    14 |   140 ||   154
Invok: Berserk           |     5 |     3 |     6 |    20 |     6 ||    40
  Use: Scroll            |       |    10 |       |    13 |     1 ||    24
       Potion            |       |       |       |     3 |     3 ||     6
 Stab: Sleeping          |       |     2 |       |     5 |       ||     7
  Eat: Chunk             |     4 |     8 |     7 |    33 |     9 ||    61
       Ration            |       |       |     2 |     3 |     1 ||     6
Armor: Animal skin       |    30 |    23 |       |       |       ||    53
       Ring mail         |       |    27 |     7 |       |       ||    34
       Scale mail        |       |       |    82 |    14 |       ||    96
       Leather armour    |       |       |       |   115 |       ||   115
       Chain mail        |       |       |       |     7 |    14 ||    21
       Plate armour      |       |       |       |       |    66 ||    66
Dodge: Dodged            |    64 |    74 |   107 |   294 |    91 ||   630
Block: Buckler           |       |       |       |    78 |       ||    78
       Other             |       |       |       |    43 |    29 ||    72
       Reflection        |       |       |       |     4 |     2 ||     6
